 Dungeon Crawl Stone Soup version 0.31-a0-981-geadf994542 (webtiles) character file.

Game seed: 1210249672618744529

79 Whiskey the Changeling (level 4, 0/13 HPs)
             Began as an Octopode Shapeshifter on Nov 2, 2023.
             Slain by a quokka (3 damage)
             ... on level 3 of the Dungeon.
             The game lasted 00:03:18 (1861 turns).

Whiskey the Changeling (Octopode Shapeshifter)      Turns: 1861, Time: 00:03:18

Health: 0/13       AC:  1    Str: 13    XL:     4   Next: 37%
Magic:  4/4        EV: 13    Int: 14    God:
Gold:   106        SH:  0    Dex: 11    Spells: 3/3 levels left

rFire   . .          .
                       - Unarmed
rCold   . . .        (shield currently unavailable)
rNeg    . . .        (helmet restricted)
rPois   .            (no amulet)
rElec   .            k - ring of see invisible {sInv, !d}
rCorr   .            (no ring)
SInv    +            (no ring)
Will    .....        (no ring)
Stlth   ++           (no ring)
HPRegen 0.22/turn    (no ring)
MPRegen 0.09/turn    (no ring)
                     (no ring)

%: no passive effects
@: blade tentacles
A: reduced hp, almost no armour, amphibious, 8 rings, camouflage 1, gelatinous
body 1, (nimble swimmer 1), tentacles
a: Begin Untransformation


You were on level 3 of the Dungeon.
You had blades for main tentacles.
You visited 1 branch of the dungeon, and saw 3 of its levels.

You collected 106 gold pieces.

Inventory:

Hand Weapons
 e - a +0 vampiric short sword {!w}
   (You took it off a kobold on level 1 of the Dungeon)
 f - a +0 dagger of venom
   (You took it off a kobold on level 1 of the Dungeon)
Jewellery
 h - a ring of ice {rC+, rF-}
   (You found it on level 1 of the Dungeon)
 k - a ring of see invisible (left blade tentacle) {sInv, !d}
   (You found it on level 1 of the Dungeon)
 n - the amulet "Utroan" {Faith Rampage rF+ rN++ Dex-4}
   (You found it on level 2 of the Dungeon)

   [amulet of faith]

   Faith:     It allows you to gain divine favour quickly.
   Dex-4:     It affects your dexterity (-4).
   rF+:       It protects you from fire.
   rN++:      It greatly protects you from negative energy.
   Rampage:   It bestows one free step when moving towards enemies.
Talismans
 b - a beast talisman
 c - a flux talisman
 m - a blade talisman (active)
   (You found it on level 2 of the Dungeon)
Scrolls
 d - a scroll of fog {unknown}
 g - 5 scrolls of identify {unknown}
 l - 2 scrolls of blinking {unknown}
Potions
 a - 2 potions of lignification {!q}
 i - a potion of resistance {unknown}
 j - a potion of invisibility {unknown}


   Skills:
 - Level 1.0 Fighting
 - Level 2.0 Dodging
 - Level 3.0 Unarmed Combat
 * Level 4.8 Shapeshifting


You had 3 spell levels left.
You didn't know any spells.
Your spell library was empty.

Dungeon Overview and Level Annotations

Branches:
Dungeon (3/15)

Altars:
Sif Muna


Innate Abilities, Weirdness & Mutations

You have blades for main tentacles.
Your maximum health is decreased, since you lack skill for your form.
You are incapable of wielding weapons or throwing items.
You cannot wear most types of armour.
You are amphibious.
You can wear up to eight rings at the same time.
Your skin changes colour to match your surroundings (Stealth+).
Your rubbery body absorbs attacks. (AC +1, EV +1)
((You are camouflaged when in or above water. (Stealth+)))
You have tentacles for arms and can constrict up to eight enemies at once.


Message History

m - a blade talisman
There are no items here.
Your library has no spells.
You begin transforming.
You continue transforming. x3
Your transformation has ended.
Your main tentacles turn into razor-sharp scythe blades.
You take 1 damage, and have 13/13 hp.
Things that are here:
a +0 club; a kobold corpse You now have 106 gold pieces (gained 9).
n - the amulet "Utroan" {Faith Rampage rF+ rN++ Dex-4}
Things that are here:
a +0 dagger; a goblin skeleton You see here a +0 sling.
Found a stone staircase leading up.
Done exploring.
Done exploring.
There is a stone staircase leading down here.
You climb downwards.
There is a stone staircase leading up here.
g - 5 scrolls labelled TIN MUREVOFUEZ (gained 3)
Found a stone staircase leading down.
You see here a +0 sling.
An endoplasm comes into view.
The endoplasm quivers.
The endoplasm moves out of view.
An endoplasm is nearby!
You hit the endoplasm. You slash the endoplasm!
You kill the endoplasm!
No target in view!
No target in view!
No target in view!
No target in view!
No target in view!
No target in view!
No target in view!
No target in view!
There is a stone staircase leading down here.
A giant cockroach comes into view.
The giant cockroach moves out of view.
A hobgoblin comes into view.
A quokka comes into view.
The hobgoblin shouts!
You hear a shout! x3
The quokka moves out of view.
Found a shimmering blue altar of Sif Muna.
A kobold comes into view. It is wielding a +0 short sword.
An orc comes into view. It is wielding a +0 club.
A rat comes into view.
An orc comes into view. It is wielding a +0 dagger.
A quokka comes into view.
You barely miss the hobgoblin. You grab the hobgoblin.
You constrict the hobgoblin. The hobgoblin barely misses you.
An orc comes into view. It is wielding a +0 club.
You hit the hobgoblin but do no damage. You constrict the hobgoblin.
The hobgoblin hits you.
An orc comes into view. It is wielding a +0 short sword.
You take 2 damage, and have 11/13 hp.
You slash the hobgoblin!
You kill the hobgoblin!
You miss the quokka. Your grab misses the quokka. You squeeze the quokka.
You kill the quokka!
The quokka closely misses you.
You closely miss the quokka. Your grab misses the quokka.
Your squeeze misses the quokka.
An orc priest comes into view. It is wielding a +0 club.
The kobold hits you with a +0 short sword.
The quokka bites you.
You miss the quokka.
The orc priest shouts!
Your grab misses the quokka. You squeeze the quokka.
The kobold barely misses you. The quokka bites you.
* * * LOW HITPOINT WARNING * * *
You are too injured to fight recklessly!
You are too injured to fight recklessly!
You are too injured to fight recklessly!
You are too injured to fight recklessly!
You are too injured to fight recklessly!
You take 8 damage, and have 3/13 hp.
MASSIVE DAMAGE!!
You are too injured to fight recklessly!
You are too injured to fight recklessly!
You are too injured to fight recklessly!
You are too injured to fight recklessly!
You are too injured to fight recklessly!
Okay, then.
The kobold attacks as it pursues you! The kobold closely misses you.
The orc hits the plant with a +0 club.
The plant begins to die.
The orc hits the plant with a +0 club. x2; The quokka completely misses you.
The kobold throws a stone.
The stone barely misses you.
The orc hits the plant with a +0 club.
A nearby plant withers and dies.
The quokka attacks as it pursues you! The quokka barely misses you.
The quokka attacks as it pursues you! The quokka bites you.
You take 1 damage, and have 4/13 hp.
The quokka attacks as it pursues you! The quokka bites you.
* * * LOW HITPOINT WARNING * * *
You take 1 damage, and have 3/13 hp.
The quokka attacks as it pursues you! The quokka misses you.
The quokka bites you.
You die...

#####
###############...#######
........##......#........
#######.@..#♣♣P##..#..###
#.r#### ♣P##♣.#..... ###
#.K# .♣♣.♣♣.....###.
#...#..##....P..♣♣P.P)..
#...r#.♣♣PP.♣.♣♣♣.P.##
#.######...♣♣.P
.P.♣♣P..##
#.........P.♣♣♣♣..P♣.♣♣♣#
#########..o..P♣♣.....♣
#♣♣♣P....♣♣.PP.


You could see a quokka, a kobold and a rat.

Vanquished Creatures
  2 adders (D:2)
  A worm (D:2)
  A dart slug (D:2)
  6 ball pythons
  4 endoplasms
  4 goblins
  9 hobgoblins
  4 jackals (D:2)
  4 quokkas
  A bat (D:1)
  4 frilled lizards
  8 kobolds
  4 rats (D:1)
52 creatures vanquished.

Notes
Turn   | Place    | Note
-------+----------+-------------------------------------------
     0 | D:1      | Whiskey the Octopode Shapeshifter began the quest for the
                  | Orb.
     0 | D:1      | Reached XP level 1. HP: 13/13 MP: 1/1
    16 | D:1      | Found a faded altar of an unknown god.
   158 | D:1      | Reached XP level 2. HP: 18/18 MP: 2/2
   688 | D:1      | Reached XP level 3. HP: 14/23 MP: 3/3
   712 | D:1      | Reached skill level 4 in Shapeshifting
  1110 | D:2      | Reached XP level 4. HP: 8/28 MP: 4/4
  1497 | D:2      | HP: 4/21 [jackal (2)]
  1646 | D:2      | Identified the amulet "Utroan" {Faith Rampage rF+ rN++
                  | Dex-4}
  1842 | D:3      | Found a shimmering blue altar of Sif Muna.
  1849 | D:3      | HP: 3/13 [quokka (5)]
  1860 | D:3      | HP: 3/13 [quokka (1)]
  1861 | D:3      | Slain by a quokka

Illustrated notes

Levels and vault maps discovered:
D:1:      scummos_arrival_forest, layout_loops_corners,
          ebering_ecumenical_altar_abandoned
D:2:      layout_loops_ring
D:3:      wad_woods_stonehenge, layout_basic, serial_shops, shop,
          nicolae_shop_peninsula, nicolae_shop_bloodbath_and_beyond,
          nicolae_shop_tiny_statue_garden

Skill      XL: |  1  2  3 |
---------------+----------+-----
Shapeshifting  | 4 |  4.8
Fighting       | |  1.0
Dodging        | |  2.0
Unarmed Combat | |  3.0

Action                     |  1- 3 |  4- 6 || total
---------------------------+-------+-------++-------
  Melee: Unarmed           |    78 |    37 ||   115
         Constrict         |    25 |    14 ||    39
         Tentacles         |    21 |    10 ||    31
         Punch             |     1 |       ||     1
   Stab: Sleeping          |     1 |       ||     1
 Armour: Skin              |    27 |    25 ||    52
  Dodge: Dodged            |    43 |    37 ||    80
   Form: Flux              |     1 |       ||     1
         Blade             |       |     1 ||     1

Table legend: (Time is in decaauts)
 A = Elapsed time spent in this place.
 B = Non-inter-level travel time spent in this place.
 C = Inter-level travel time spent in this place.
 D = Time resting spent in this place.
 E = Time spent auto-exploring this place.
 F = Levels seen in this place.
 G = Mean time per level.
                   A        B        C        D        E       F      G
               +--------+--------+--------+--------+--------+-----+--------+
         Total |   1854 |   1809 |     45 |    146 |   1394 |   3 |  618.0 |
       Dungeon |   1854 |   1809 |     45 |    146 |   1394 |   3 |  618.0 |
               +--------+--------+--------+--------+--------+-----+--------+

Top non-repeatable levels by time:
     D:2: 875 daAuts
     D:1: 868 daAuts
     D:3: 110 daAuts

Levels and vault maps discovered:
D:1:      scummos_arrival_forest, layout_loops_corners,
          ebering_ecumenical_altar_abandoned
D:2:      layout_loops_ring
D:3:      wad_woods_stonehenge, layout_basic, serial_shops, shop,
          nicolae_shop_peninsula, nicolae_shop_bloodbath_and_beyond,
          nicolae_shop_tiny_statue_garden

Table legend: (Time is in decaauts)
 A = Elapsed time spent in this place.
 B = Non-inter-level travel time spent in this place.
 C = Inter-level travel time spent in this place.
 D = Time resting spent in this place.
 E = Time spent auto-exploring this place.
 F = Levels seen in this place.
 G = Mean time per level.
                   A        B        C        D        E       F      G
               +--------+--------+--------+--------+--------+-----+--------+
         Total |   1854 |   1809 |     45 |    146 |   1394 |   3 |  618.0 |
       Dungeon |   1854 |   1809 |     45 |    146 |   1394 |   3 |  618.0 |
               +--------+--------+--------+--------+--------+-----+--------+

Top non-repeatable levels by time:
     D:2: 875 daAuts
     D:1: 868 daAuts
     D:3: 110 daAuts

Table legend:
 A = Kills in this place as a percentage of kills in the entire game.
 B = Kills by you in this place as a percentage of kills by you in the entire game.
 C = Kills by friends in this place as a percentage of kills by friends in the entire game.
 D = Other kills in this place as a percentage of other kills in the entire game.
 E = Experience gained in this place as a percentage of experience gained in the entire game.
 F = Experience gained in this place divided by the number of levels of this place that you have seen.
                   A       B       C       D       E      F
               +-------+-------+-------+-------+-------+----------------------
         Total | 100.0 | 100.0 |   N/A |   N/A | 100.0 |  37.7
       Dungeon | 100.0 | 100.0 |   N/A |   N/A | 100.0 |  37.7
               +-------+-------+-------+-------+-------+----------------------
